AoeStats
← MrLuck7

Black Forest

510323439Analyzed
4v4 RM · 2d ago on Sep 30, 2026· 62m 32s· 8 players
Game mode
Random Map
Map size
Large (8 player)
Population
200
Speed
Normal
Resources
Standard
Victory
Conquest
Starting age
Dark Age
Ending age
Imperial Age
RankedLock teamsTeams togetherTeam positionsShared explorationLock speedFull tech treeHidden civsTurbo modeCheats
Victory
Defeat
🇮🇹 Huns · Italy
682
+15
🇫🇷 Khmer · France
648
+16
🇺🇸 Persians · United States
577
+18
🇨🇳 Cumans · China
502
+21
🇨🇱 Franks · Chile
932
-100
🇨🇱 Tatars · Chile
554
-14
🇨🇱 Byzantines · Chile
543
-14
🇨🇱 Britons · Chile
542
-14
maverik2325
1:29 Loom
14:10 Feudal Age
14:48 Double-Bit Axe
15:00 Gold Mining
16:28 Wheelbarrow
20:14 Horse Collar
22:58 Stone Mining
26:48 Town Watch
27:21 Forging
27:18 Scale Barding Armor
28:28 Bloodlines
30:37 Castle Age
32:14 Bow Saw
32:09 Heavy Plow
32:28 Hand Cart
32:54 Gold Shaft Mining
36:09 Imperial Age
37:37 Iron Casting
37:23 Chain Barding Armor
37:34 Town Patrol
41:29 Blast Furnace
41:05 Plate Barding Armor
40:58 Conscription
40:39 Marauders
41:13 Masonry
42:05 Chemistry
41:02 Murder Holes
42:19 Two-Man Saw
42:43 Husbandry
43:13 Elite Tarkan
51:28 Caravan
51:41 Guilds
52:03 Coinage
56:24 Ballistics
bt1014
13:20 Feudal Age
16:59 Castle Age
14:52 Double-Bit Axe
16:20 Horse Collar
18:59 Bow Saw
24:42 Heavy Plow
24:35 Gold Mining
24:36 Stone Mining
30:05 Caravan
37:31 Imperial Age
36:28 Scale Barding Armor
36:34 Forging
36:24 Murder Holes
37:30 Chain Barding Armor
37:36 Husbandry
37:47 Bloodlines
37:36 Elite War Elephant
38:56 Kamandaran
40:06 Scale Mail Armor
40:44 Iron Casting
42:45 Blast Furnace
42:22 Plate Barding Armor
42:34 Thumb Ring
42:45 Crossbowman
43:44 Fletching
43:55 Padded Archer Armor
44:45 Ballistics
45:26 Chemistry
46:34 Bodkin Arrow
46:55 Leather Archer Armor
60:36 Spies/Treason
心念无我
12:32 Feudal Age
14:56 Wheelbarrow
21:18 Double-Bit Axe
21:17 Horse Collar
28:25 Castle Age
28:04 Stone Mining
28:05 Gold Mining
29:23 Hand Cart
30:30 Bow Saw
30:24 Heavy Plow
31:16 Gold Shaft Mining
32:46 Bloodlines
35:49 Imperial Age
34:00 Caravan
36:22 Elite Kipchak
38:03 Scale Barding Armor
38:09 Forging
37:54 Fletching
38:04 Padded Archer Armor
38:05 Scale Mail Armor
38:55 Elite Steppe Lancer
43:00 Heated Shot
44:11 Chemistry
59:02 Iron Casting
58:43 Chain Mail Armor
58:48 Chain Barding Armor
58:44 Leather Archer Armor
j55/tyl777
15:19 Feudal Age
18:28 Castle Age
17:34 Double-Bit Axe
21:35 Wheelbarrow
20:48 Loom
21:25 Bow Saw
23:43 Hand Cart
26:02 Gold Mining
33:21 Imperial Age
30:47 Horse Collar
32:54 Gold Shaft Mining
32:09 Town Watch
33:56 Heavy Plow
36:35 Fletching
36:57 Forging
36:53 Scale Barding Armor
36:13 Light Cavalry
37:04 Bloodlines
36:55 Husbandry
36:16 Elite Battle Elephant
38:36 Crop Rotation
37:58 Town Watch
39:17 Bodkin Arrow
39:59 Iron Casting
39:45 Chain Barding Armor
39:55 Hussar
40:48 Bracer
41:36 Town Patrol
47:28 Conscription
47:09 Tusk Swords
47:51 Plate Barding Armor
48:17 Blast Furnace
50:22 Stone Mining
Danphont
12:00 Feudal Age
12:26 Double-Bit Axe
13:39 Horse Collar
14:50 Wheelbarrow
15:11 Loom
23:50 Castle Age
25:22 Bow Saw
28:11 Hand Cart
28:10 Heavy Plow
29:42 Gold Mining
34:38 Imperial Age
32:44 Scale Barding Armor
32:50 Forging
33:30 Greek Fire
35:31 Gold Shaft Mining
36:07 Hoardings
36:39 Chemistry
37:52 Conscription
38:12 Ballistics
37:40 Arrowslits
37:36 Treadmill Crane
37:52 Murder Holes
38:10 Fortified Wall
38:42 Arson
39:00 Squires
38:45 Gambesons
41:54 Chain Barding Armor
42:09 Iron Casting
41:36 Scale Mail Armor
44:04 Stone Mining
45:11 Logistica
46:26 Elite Varangian Guard
51:20 Pikeman
52:15 Elite Cataphract
52:49 Halberdier
57:40 Guard Tower
Snow Mun
3:48 Loom
15:01 Feudal Age
15:55 Horse Collar
16:08 Double-Bit Axe
18:57 Wheelbarrow
19:36 Scale Barding Armor
19:34 Scale Mail Armor
25:32 Castle Age
24:25 Gold Mining
24:26 Stone Mining
25:46 Forging
26:36 Chain Barding Armor
29:46 Iron Casting
29:47 Ballistics
29:31 Husbandry
30:42 Heated Shot
31:07 Fortified Wall
35:12 Imperial Age
33:26 Heavy Plow
33:51 Masonry
33:29 Treadmill Crane
33:56 Light Cavalry
34:48 Bloodlines
37:05 Hand Cart
36:37 Town Watch
38:19 Silk Armor
38:11 Elite Keshik
41:02 Plate Barding Armor
41:30 Blast Furnace
40:49 Town Patrol
47:04 Pikeman
47:45 Squires
47:34 Arson
47:51 Fletching
48:02 Padded Archer Armor
47:28 Crossbowman
48:42 Bow Saw
54:34 Onager
Chupalla
12:13 Feudal Age
12:43 Double-Bit Axe
13:23 Horse Collar
22:13 Wheelbarrow
22:48 Gold Mining
22:49 Stone Mining
27:57 Castle Age
28:50 Bow Saw
30:20 Hand Cart
31:34 Gold Shaft Mining
31:48 Padded Archer Armor
31:39 Fletching
32:52 Leather Archer Armor
33:01 Elite Skirmisher
34:38 Heavy Plow
38:46 Imperial Age
37:08 Ballistics
39:47 Warwolf
41:02 Two-Man Saw
41:43 Ring Archer Armor
41:09 Bodkin Arrow
42:16 Chemistry
42:39 Yeomen
44:46 Elite Longbowman
49:52 Hoardings
49:42 Conscription
49:47 Arrowslits
49:59 Guard Tower
49:52 Treadmill Crane
50:26 Pikeman
52:22 Halberdier
53:05 Squires
55:46 Halberdier
56:38 Squires
MrLuck7
5:07 Loom
18:04 Feudal Age
19:27 Wheelbarrow
18:38 Town Watch
35:08 Castle Age
33:45 Scale Mail Armor
46:06 Imperial Age
49:38 Cavalier
50:22 Husbandry
49:48 Crossbowman
49:53 Heavy Mounted Crossbowman
52:53 Hand Cart
59:40 Fortified Wall
Connection lost

Rejoining the realm…

Still unreachable

The connection could not be restored.

Session expired

The server has moved on; the page needs a fresh start.